 Dungeon Crawl Stone Soup version 0.24-a0-170-gd8427f5 (webtiles) character file.

Game seed: 13416331653224259063

15760 Dfrag the Fighter (level 12, -1/120 HPs)
             Began as a Deep Dwarf Necromancer on Mar 9, 2019.
             Was an Elder of Makhleb.
             Slain by an orc warrior
             ... wielding a +0 long sword
              (15 damage)
             ... on level 11 of the Dungeon.
             The game lasted 00:20:44 (8131 turns).

Dfrag the Fighter (Deep Dwarf Necromancer)          Turns: 8131, Time: 00:20:44

Health: -1/120     AC:  5    Str: 10 (13) XL:     12   Next: 4%
Magic:  11/29 (20) EV: 11    Int: 19 (20) God:    Makhleb [****..]
Gold:   639        SH:  4    Dex: 10 (13) Spells: 15/22 levels left

rFire    + + .     SeeInvis .   q - +4 rapier (holy)
rCold    + . .     Gourm    .   v - +1 buckler {rC+ rF+}
rNeg     . . .     Faith    .   r - +1 leather armour {rF+}
rPois    .         Spirit   .   (no helmet)
rElec    .         Reflect  .   A - +0 cloak
rCorr    .         Harm     .   (no gloves)
MR       +....                  (no boots)
Stlth    +++.......             g - amulet of magic regeneration
HPRegen  0.00/turn              y - ring of magical power
MPRegen  0.46/turn              u - ring of stealth

@: very slightly contaminated, non-regenerating
A: damage resistance, heal wounds, sense surroundings 2, no regeneration
a: Heal Wounds, Minor Destruction, Lesser Servant of Makhleb, Major Destruction,
Renounce Religion


You were on level 11 of the Dungeon.
You worshipped Makhleb.
Makhleb was greatly pleased with you.
You were hungry.

You visited 2 branches of the dungeon, and saw 13 of its levels.

You collected 679 gold pieces.
You spent 40 gold pieces at shops.

Inventory:

Hand Weapons
 b - a +1 short sword of draining
 p - a +5 trident of freezing
 q - a +4 rapier of holy wrath (weapon)
 w - a +0 broad axe
 G - a +1 vampiric trident
Armour
 h - a +2 ring mail of magic resistance
 r - a +1 leather armour of fire resistance (worn)
 v - a +1 buckler of resistance (worn)
 A - a +0 cloak (worn)
Jewellery
 g - an amulet of magic regeneration (around neck)
 t - an uncursed ring of resist corrosion
 u - a ring of stealth (right hand)
 y - a ring of magical power (left hand)
 H - an uncursed amulet of harm
Wands
 o - a wand of clouds (5)
Scrolls
 d - 5 scrolls of enchant weapon
 e - 7 scrolls of remove curse
 j - 2 scrolls of teleportation
 k - 4 scrolls of fear
 s - 4 scrolls of blinking {unknown}
 z - a scroll of summoning {unknown}
 B - 2 scrolls of amnesia {unknown}
 D - a scroll of enchant armour {unknown}
 E - a scroll of acquirement {unknown}
 J - a scroll of fog {unknown}
 K - a scroll of magic mapping {unknown}
 L - a scroll of identify
Potions
 f - 5 potions of brilliance
 i - 2 potions of resistance
 l - 4 potions of curing
 m - a potion of degeneration
 n - a potion of heal wounds {unknown}
 x - 2 potions of haste
 C - 3 potions of lignification {unknown}
 F - a potion of ambrosia {unknown}
 I - a potion of berserk rage {unknown}
Comestibles
 c - 26 rations


   Skills:
 - Level 11.1 Fighting
 - Level 9.8 Axes
 - Level 2.1 Dodging
 - Level 2.4 Stealth
 + Level 5.8 Spellcasting
 + Level 9.0 Charms
 - Level 6.1 Necromancy


You had 15 spell levels left.
You knew the following spells:

 Your Spells              Type           Power        Failure   Level  Hunger
a - Pain                  Necr           ####         1%          1    None
b - Vampiric Draining     Necr           ####......   6%          3    ##.....
c - Infusion              Chrm           ####         1%          1    None
d - Song of Slaying       Chrm           #####...     1%          2    None

Your spell library contained the following spells:

 Spells                   Type           Power        Failure   Level  Hunger
 Animate Skeleton         Necr           N/A          1%          1    None
 Shroud of Golubria       Chrm/Tloc      ###.......   6%          2    None
 Spectral Weapon          Hex/Chrm       ###.....     12%         3    ##.....
 Animate Dead             Necr           N/A          21%         4    ####...
 Regeneration             Chrm/Necr      Unusable     N/A         3    N/A

Dungeon Overview and Level Annotations

Branches:
Dungeon (12/15)            Temple (1/1) D:6            Lair (0/6) D:10
    Orc (0/2) D:11

Altars:
Cheibriados
Dithmenos
Elyvilon
Fedhas
Gozag
Hepliaklqana
Kikubaaqudgha
Makhleb
Nemelex Xobeh
Okawaru
Qazlal
Trog
Uskayaw
Wu Jian
Xom
Yredelemnul
Zin

Shops:
D:7 (


Innate Abilities, Weirdness & Mutations

You are resistant to damage.
You can heal yourself by infusing magical energy.
You passively map the area around you.
You do not regenerate.


Message History

Aiming: Vampiric Draining (safe; 6% risk of failure)
Press: ? - help, Shift-Dir - straight line, f/p - orc warrior
Aim: an orc warrior, wielding a +0 long sword and wearing a +0 chain mail (heavily wounded)
You miscast Vampiric Draining.
Your bones ache.
The orc hits you but does no damage.
The orc warrior hits you with a +0 long sword!!
* * * LOW HITPOINT WARNING * * *
Unknown command.
Casting: Vampiric Draining (safe; 6% risk of failure)
Confirm with . or Enter, or press ? or * to list all spells.
Aiming: Vampiric Draining (safe; 6% risk of failure)
Press: ? - help, Shift-Dir - straight line, f/p - orc warrior
Aim: an orc warrior, wielding a +0 long sword and wearing a +0 chain mail (heavily wounded)
The orc warrior is almost dead.
You feel life coursing into your body.
The killer bee buzzes angrily.
A shadow imp comes into view.
The orc closely misses you.
The orc warrior hits you with a +0 long sword!
You die...

.....#####
#.(..).>..(....#..#
##.......#
###(.))......<.#..#
..†......#
###)#####....#*[.#
* ########## #.#
#....#* .. #[#
#.....# #.# #.#...#
, , #[# #.##..# ,,,
#)# ..*#..# * #@#
#. #..# , #o# ,*
#o# ,, * #y#** ***
, , ** *#yy......
** , ** ,Zyy....##
* *, .5........ , ,
* , ..$........** ,
, , .......(.... *
,


You could see an orc warrior, 5 killer bees, a shadow imp, an orc and a centaur
warrior skeleton.

Vanquished Creatures
  A hydra (D:11)
  An ugly thing (D:10)
  A cyclops (D:11)
  A troll (D:11)
  A wraith (D:10)
  2 wyverns (D:10)
  5 yaks (D:10)
  Eustachio (D:4)
  A basilisk (D:10)
  A hungry ghost (D:10)
  3 porcupines (D:10)
  Duvessa (D:5)
  3 sky beasts
  5 ice beasts
  A hornet zombie (D:9)
  An eye of draining (D:10)
  4 necrophages
  A black bear (D:10)
  2 orc warriors
  10 ogres
  4 centaurs
  2 crocodiles (D:10)
  4 bullfrogs (D:7)
  Dowan (D:5)
  3 scorpions
  2 wights (D:9)
  9 killer bees
  3 electric eels (D:6)
  2 howler monkeys
  2 crimson imps
  A bullfrog zombie (D:7)
  A quasit (D:7)
  4 hounds
  5 centaur zombies
  5 orc priests
  A centaur skeleton (D:4)
  A gnoll shaman (D:8)
  3 jellies
  5 orc wizards
  6 iguanas
  9 worker ants
  2 mummies (D:9)
  A worker ant zombie (D:5)
  15 gnolls
  17 adders
  3 shadow imps
  An ooze (D:1)
  An adder skeleton (D:4)
  2 worms
  3 dart slugs
  5 leopard geckos
  34 orcs
  3 ball pythons
  4 giant cockroaches
  14 hobgoblins
  24 jackals
  12 kobolds
  7 quokkas
  11 bats
  6 frilled lizards
  A giant cockroach zombie (D:6)
  6 goblins
  A quokka skeleton (D:7)
  A quokka zombie (D:8)
  10 rats
303 creatures vanquished.

Vanquished Creatures (others)
  3 bushes (D:10)
  4 fungi (D:10)
  10 plants (D:10)
17 creatures vanquished.

Grand Total: 320 creatures vanquished

Notes
Turn   | Place    | Note
-------+----------+-------------------------------------------
     0 | D:1      | Dfrag the Deep Dwarf Necromancer began the quest for the
                  | Orb.
     0 | D:1      | Reached XP level 1. HP: 15/15 MP: 3/3
   210 | D:1      | Reached XP level 2. HP: 17/22 MP: 3/5
   305 | D:1      | Reached XP level 3. HP: 19/28 MP: 0/6
   310 | D:1      | Learned a level 3 spell: Vampiric Draining
   754 | D:2      | Reached skill level 5 in Necromancy
   823 | D:2      | Reached XP level 4. HP: 17/36 MP: 2/8
   995 | D:2      | Found a snail-covered altar of Cheibriados.
  1312 | D:3      | Noticed an ogre
  1314 | D:3      | Reached XP level 5. HP: 30/42 MP: 5/10
  1349 | D:3      | Killed an ogre
  1406 | D:3      | Found an opulent altar of Gozag.
  1680 | D:4      | Noticed Eustachio
  1751 | D:4      | Killed Eustachio
  1751 | D:4      | Reached skill level 5 in Spellcasting
  1751 | D:4      | Reached XP level 6. HP: 21/49 MP: 4/13
  1953 | D:3      | Reached skill level 1 in Fighting
  2097 | D:4      | Reached skill level 2 in Fighting
  2140 | D:4      | Reached XP level 7. HP: 37/60 MP: 14/14
  2614 | D:5      | Entered Level 5 of the Dungeon
  2660 | D:5      | Noticed Duvessa
  2660 | D:5      | Noticed Dowan
  2671 | D:5      | Killed Duvessa
  2671 | D:5      | Reached skill level 3 in Fighting
  2679 | D:5      | Killed Dowan
  2679 | D:5      | Reached skill level 4 in Fighting
  2859 | D:5      | Found a bloodstained altar of Trog.
  3200 | D:5      | Found an iron altar of Okawaru.
  3423 | D:5      | Reached skill level 5 in Fighting
  3462 | D:6      | Reached XP level 8. HP: 30/75 MP: 8/15
  3536 | D:6      | Reached skill level 6 in Fighting
  3550 | D:6      | Found a staircase to the Ecumenical Temple.
  3564 | Temple   | Entered the Ecumenical Temple
  3649 | Temple   | Became a worshipper of Makhleb the Destroyer
  4057 | D:6      | Reached skill level 7 in Fighting
  4277 | D:6      | Reached * piety under Makhleb
  4365 | D:7      | Found Feti's Weapon Shop.
  4384 | D:7      | Bought a +0 broad axe for 40 gold pieces
  4408 | D:7      | Found a blossoming altar of Fedhas.
  4479 | D:7      | Reached skill level 1 in Axes
  4521 | D:7      | Reached skill level 8 in Fighting
  4628 | D:7      | Gained mutation: You passively map the area around you.
                  | [Deep Dwarf growth]
  4628 | D:7      | Reached XP level 9. HP: 33/88 MP: 9/16
  4713 | D:7      | Reached ** piety under Makhleb
  4947 | D:7      | Found a shadowy altar of Dithmenos.
  5102 | D:7      | Reached skill level 5 in Axes
  5285 | D:7      | Reached skill level 9 in Fighting
  6075 | D:8      | Reached XP level 10. HP: 79/101 MP: 4/17
  6098 | D:9      | Reached *** piety under Makhleb
  6343 | D:9      | Reached skill level 10 in Fighting
  6533 | D:9      | Found a glowing silver altar of Zin.
  6556 | D:9      | Found a stormy altar of Qazlal.
  6604 | D:9      | Found a basalt altar of Yredelemnul.
  6691 | D:9      | Found an ornate altar of the Wu Jian Council.
  6784 | D:10     | Entered Level 10 of the Dungeon
  7088 | D:10     | Reached XP level 11. HP: 66/110 MP: 18/18
  7091 | D:10     | Learned a level 1 spell: Infusion
  7094 | D:10     | Learned a level 2 spell: Song of Slaying
  7144 | D:10     | Found a stormy altar of Qazlal.
  7208 | D:10     | Reached **** piety under Makhleb
  7310 | D:10     | Noticed a red ugly thing
  7341 | D:10     | Killed a white ugly thing
  7341 | D:10     | Reached skill level 11 in Fighting
  7387 | D:10     | Found a staircase to the Lair.
  7722 | D:11     | Found a staircase to the Orcish Mines.
  7722 | D:11     | Noticed a seven-headed hydra
  7750 | D:11     | Killed a seven-headed hydra
  7991 | D:11     | HP: 2/111 [centaur/arrow (4)]
  8026 | D:11     | HP: 5/111 [cyclops (8)]
  8028 | D:11     | Reached XP level 12. HP: 22/120 MP: 5/20
  8131 | D:11     | Slain by an orc warrior

Levels and vault maps discovered:
D:1:      nicolae_arrival_memento_mori, layout_loops_ring
D:2:      layout_rooms, kennysheep_slug_shrine
D:3:      layout_rooms, nicolae_gozag_cash_rules_everything_around_me
D:4:      layout_basic, hangedman_decor_growths, uniq_eustachio
D:5:      layout_gridville, okawaru_gym_becter, lemuel_round_altar,
          first_ration, chequers_serial_rivers_micro_c, uniq_duvessa
D:6:      layout_basic, minmay_temple_entry_junction, serial_bayou_lagoon_b
D:7:      layout_basic, fedhas_ov_isle_minmay, nicolae_overflow_crystal_walls,
          serial_shops, nicolae_shop_stone, serial_rivers,
          chequers_serial_rivers_micro_e, chequers_serial_rivers_micro_b,
          chequers_serial_rivers_micro_a, chequers_serial_rivers_small_a,
          chequers_serial_rivers_micro_c, grunt_ogre_cave, minmay_joined_circles
D:8:      layout_cave_pools
D:9:      layout_cave_pools, nicolae_overflow_quartered_altars, serial_undead,
          serial_undead_f, serial_undead_c, serial_undead_c, serial_undead_d
D:10:     layout_loops_cross, minmay_lair_entry_grove, grunt_qazlal_clouds
D:11:     layout_rooms, david_orc_2, chequers_arboretum
D:12:     layout_roguey [special_room_orc], hangedman_decor_push,
          minmay_pinched_square, uniq_azrael
Temple:   minmay_temple_forest_path

Skill      XL: |  1  2  3  4  5  6  7  8  9 10 11 12 |
---------------+-------------------------------------+-----
Spellcasting   | 2 3 5 |  5.8
Necromancy     | 5 6 |  6.1
Fighting       | 2 5 8 9 10 11 | 11.1
Axes           | 3 7 8 9 |  9.8
Charms         | 8 9 |  9.0
Dodging        | |  2.1
Stealth        | |  2.4

Action                   |  1- 3 |  4- 6 |  7- 9 | 10-12 || total
-------------------------+-------+-------+-------+-------++-------
Melee: Short sword       |    38 |    22 |       |       ||    60
       Rapier            |       |     9 |   116 |   150 ||   275
       Trident           |       |       |       |    11 ||    11
 Cast: Pain              |    54 |    84 |   159 |    67 ||   364
       Vampiric Draining |     4 |    37 |   114 |   112 ||   267
       Infusion          |       |       |       |     1 ||     1
       Song of Slaying   |       |       |       |     1 ||     1
Evoke: Wand              |       |       |       |     4 ||     4
  Use: Scroll            |       |       |     7 |     3 ||    10
       Potion            |       |       |       |     3 ||     3
 Stab: Sleeping          |     1 |       |       |     4 ||     5
  Eat: Chunk             |     1 |     7 |    19 |    19 ||    46
Armor: Robe              |    13 |     8 |       |       ||    21
       Leather armour    |       |    12 |    64 |    74 ||   150
Dodge: Dodged            |    36 |    91 |   153 |   125 ||   405
Block: Buckler           |       |       |    46 |    61 ||   107

Table legend:
 A = Non-vault XP
 B = Vault XP
 C = Vault XP percentage of total XP
 D = Non-vault monster count
 E = Vault monster count
 F = Vault count percentage of total count
                 A         B        C        D         E       F
            +---------+---------+-------+---------+---------+-------
      Total |   10589 |    3647 |  25.6 |     257 |      46 |  15.2
            +---------+---------+-------+---------+---------+-------
        D:1 |      60 |       0 |   0.0 |      34 |       0 |   0.0
        D:2 |      99 |       4 |   3.9 |      31 |       1 |   3.1
        D:3 |     259 |       0 |   0.0 |      27 |       0 |   0.0
        D:4 |     202 |     203 |  50.1 |      15 |       1 |   6.2
        D:5 |     333 |     224 |  40.2 |      12 |       2 |  14.3
        D:6 |     674 |       0 |   0.0 |      30 |       0 |   0.0
        D:7 |    1121 |     749 |  40.1 |      24 |      15 |  38.5
        D:8 |     841 |       0 |   0.0 |      15 |       0 |   0.0
        D:9 |    1197 |     561 |  31.9 |      28 |       8 |  22.2
       D:10 |    2817 |    1885 |  40.1 |      19 |      12 |  38.7
       D:11 |    2973 |      21 |   0.7 |      21 |       7 |  25.0
     Temple |      13 |       0 |   0.0 |       1 |       0 |   0.0
            +---------+---------+-------+---------+---------+-------
